 Dungeon Crawl Stone Soup version 0.31-a0-174-g85c54bcb58 (webtiles) character file.

Game seed: 16068874678253342129

80 qw the Shooter (level 4, -1/28 HPs)
             Began as a Gargoyle Hunter on June 15, 2023.
             Slain by a hobgoblin (3 damage)
             ... on level 3 of the Dungeon.
             The game lasted 00:00:40 (1672 turns).

qw the Shooter (Gargoyle Hunter)                    Turns: 1672, Time: 00:00:40

Health: -1/28      AC:  8    Str: 14    XL:     4   Next: 39%
Magic:  0/4        EV: 10    Int: 10    God:
Gold:   101        SH:  0    Dex: 15    Spells: 3/3 levels left

rFire   . . .        Y - +0 shortbow
rCold   . . .        (shield currently unavailable)
rNeg    + . .        e - +0 ring mail
rPois   inf          (no helmet)
rElec   +            (no cloak)
rCorr   .            (no gloves)
SInv    .            (no boots)
Will    +....        f - amulet of guardian spirit
Stlth   +            g - ring of willpower
HPRegen 0.24/turn    (no ring)
MPRegen 0.09/turn

%: guardian spirit
@: no status effects
A: sickness immunity, AC +3, negative energy resistance 1, electricity
resistance, torment resistance 1, petrification resistance
a: no special abilities


You were on level 3 of the Dungeon.
You visited 1 branch of the dungeon, and saw 3 of its levels.

You collected 101 gold pieces.


Innate Abilities, Weirdness & Mutations

You are immune to sickness and miasma.
Your stone body is resilient. (AC +3)
You are immune to poison.
You resist negative energy. (rN+)
You are resistant to electric shocks. (rElec)
You are resistant to unholy torment.
You are immune to petrification.


   Skills:
 - Level 3.1 Fighting
 + Level 5.1 Ranged Weapons
 - Level 1.0 Armour
 - Level 1.5 Dodging
 - Level 1.1 Stealth


You had 3 spell levels left.
You didn't know any spells.
Your spell library was empty.

Inventory:

Hand Weapons
 Y - a +0 shortbow (weapon)
Armour
 e - a +0 ring mail (worn)
Jewellery
 f - an amulet of guardian spirit (around neck)
 g - a ring of willpower (left hand)
Scrolls
 h - a scroll of identify
Potions
 a - a potion of mutation {unknown}
 c - a potion of enlightenment {unknown}
 i - a potion of heal wounds {unknown}
 j - a potion of degeneration {unknown}

Dungeon Overview and Level Annotations

Branches:
Dungeon (3/15)

Altars:

Shops:
D:1 *   D:2 [

Annotations:
D:3 Ijyb


Message History

The hobgoblin closely misses you. Ijyb hits you with a +0 club.
The frilled lizard bites you but does no damage.
You shoot an arrow. The arrow hits Ijyb.
Ijyb is heavily wounded.
The hobgoblin hits you but does no damage.
The frilled lizard bites you but does no damage.
Ijyb hits you but does no damage.
You shoot an arrow. The arrow hits Ijyb.
Ijyb is severely wounded.
The hobgoblin hits you. The frilled lizard bites you.
Ijyb hits you with a +0 club.
You shoot an arrow. The arrow hits Ijyb but does no damage.
Ijyb is severely wounded.
The frilled lizard closely misses you. Ijyb hits you with a +0 club.
The hobgoblin barely misses you. The frilled lizard barely misses you.
The hobgoblin closely misses you. Ijyb hits you but does no damage.
You shoot an arrow. The arrow hits Ijyb but does no damage.
Ijyb is severely wounded.
The hobgoblin barely misses you. The frilled lizard closely misses you.
Ijyb hits you with a +0 club.
You shoot an arrow. The arrow barely misses Ijyb.
The frilled lizard closely misses you. The hobgoblin barely misses you.
Ijyb barely misses you.
You shoot an arrow. The arrow barely misses Ijyb.
The frilled lizard barely misses you. Ijyb hits you with a +0 club.
The hobgoblin hits you.
The frilled lizard bites you but does no damage.
The hobgoblin hits you. Ijyb hits you with a +0 club.
You shoot an arrow. The arrow hits Ijyb but does no damage.
Ijyb is severely wounded.
The frilled lizard barely misses you.
The hobgoblin hits you but does no damage.
Ijyb screams, "Level is mine!
All mine!"
Ijyb closely misses you.
You shoot an arrow. The arrow barely misses Ijyb.
The hobgoblin hits you but does no damage.
The frilled lizard barely misses you. Ijyb barely misses you.
You shoot an arrow. The arrow closely misses Ijyb.
Ijyb hits you but does no damage. The hobgoblin hits you.
You die...

..###....
#.##.....
#.#.....
#.#.#.###
#.......
#...##.#
#...##.##
#<...g@g#
###..#.l..#
#..#.##.#
#..#.# .#
####.. ..
### .. .


You could see Ijyb, a hobgoblin and a frilled lizard.

Vanquished Creatures
  4 adders (D:2)
  A worm (D:2)
  A dart slug (D:1)
  9 ball pythons
  3 bats
  2 endoplasms (D:1)
  2 giant cockroaches
  A goblin (D:1)
  2 hobgoblins (D:1)
  6 jackals
  3 kobolds
  A frilled lizard (D:2)
  4 rats
39 creatures vanquished.

Notes
Turn   | Place    | Note
-------+----------+-------------------------------------------
     0 | D:1      | qw the Gargoyle Hunter began the quest for the Orb.
     0 | D:1      | Reached XP level 1. HP: 12/12 MP: 1/1
     0 | D:1      | 0 ||| qw: Version: 0.2-a-29-g511e9b1
     0 | D:1      | 0 ||| qw: Game counter: 5172
     0 | D:1      | 0 ||| qw: Always use a shield: true
     0 | D:1      | 0 ||| qw: God list: Okawaru
     0 | D:1      | 0 ||| qw: Allow faded altars: false
     0 | D:1      | 0 ||| qw: Do Orc after D:15 true
     0 | D:1      | 0 ||| qw: Do second Lair branch before Depths: true
     0 | D:1      | 0 ||| qw: Lair rune preference: random
     0 | D:1      | 0 ||| qw: Plans: Normal, Zot:1-4, Slime:5, God:TSO, Crypt,
                  | Tomb, Abyss, Pan, Hells, Win
     0 | D:1      | 0 ||| PLANNING D:1-11
    45 | D:1      | Found Uprink's Assorted Antiques.
    53 | D:1      | 53 ||| SHOPLISTING helmet (72 gold, have 0).
    53 | D:1      | 53 ||| SHOPLISTING scroll labelled NEGACI JASTRITOIGG (16
                  | gold, have 0).
    53 | D:1      | 53 ||| SHOPLISTING scroll labelled UNARA BA WES (16 gold,
                  | have 0).
    53 | D:1      | 53 ||| SHOPLISTING silver wand (64 gold, have 0).
    53 | D:1      | 53 ||| SHOPLISTING silvery potion (14 gold, have 0).
    92 | D:1      | Reached XP level 2. HP: 17/17 MP: 2/2
   520 | D:1      | Reached XP level 3. HP: 21/21 MP: 3/3
   825 | D:1      | 825 ||| UPGRADING to +0 ring mail.
   835 | D:1      | 835 ||| DROPPING +0 leather armour.
   836 | D:1      | 836 ||| UPGRADING to amulet of guardian spirit.
   841 | D:1      | 841 ||| UPGRADING to ring of willpower.
   842 | D:1      | 842 ||| READING scroll labelled JOQAAFFIOG.
   843 | D:1      | 843 ||| READING scroll labelled FUSONO MOUD TUFUL.
   846 | D:1      | 846 ||| DROPPING scroll of butterflies.
   926 | D:2      | Reached skill level 1 in Armour
   955 | D:2      | Reached skill level 5 in Ranged Weapons
  1144 | D:2      | Reached XP level 4. HP: 23/27 MP: 2/4
  1191 | D:2      | Reached skill level 3 in Fighting
  1483 | D:2      | Found Teiggut's Armour Shop.
  1486 | D:2      | 1486 ||| SHOPLISTING +0 leather armour of willpower (117
                  | gold, have 101).
  1486 | D:2      | 1486 ||| SHOPLISTING +2 leather armour of poison resistance
                  | (208 gold, have 101).
  1486 | D:2      | 1486 ||| SHOPLISTING +3 leather armour of willpower (312
                  | gold, have 101).
  1623 | D:2      | 1623 ||| READING scroll labelled UNARA BA WES.
  1624 | D:2      | 1624 ||| READING scroll labelled NEGACI JASTRITOIGG.
  1650 | D:3      | Noticed Ijyb
  1667 | D:3      | HP: 6/28 [Ijyb/+0 club (5)]
  1669 | D:3      | HP: 1/28 [Ijyb/+0 club (3)]
  1672 | D:3      | Slain by a hobgoblin

Levels and vault maps discovered:
D:1:      roderic_crop_circles_arrival_small, layout_loops_ring, serial_shops,
          shop
D:2:      layout_loops_ring, serial_shops, nicolae_shop_real_fake_doors,
          hangedman_decor_growths, minmay_unequal
D:3:      layout_basic, uniq_ijyb

Skill      XL: |  1  2  3  4 |
---------------+-------------+-----
Armour         | 1 |  1.0
Ranged Weapons | 5 |  5.1
Fighting       | 3 |  3.1
Dodging        | |  1.5
Stealth        | |  1.1

Action                     |  1- 3 |  4- 6 || total
---------------------------+-------+-------++-------
   Fire: Shortbow          |   102 |    52 ||   154
    Use: Scroll            |     2 |     2 ||     4
 Armour: Leather armour    |    11 |       ||    11
         Ring mail         |    21 |    27 ||    48
  Dodge: Dodged            |    52 |    27 ||    79

Table legend:
 A = Non-vault XP
 B = Vault XP
 C = Vault XP percentage of total XP
 D = Non-vault monster count
 E = Vault monster count
 F = Vault count percentage of total count
                 A         B        C        D         E       F
            +---------+---------+-------+---------+---------+-------
      Total |      99 |      16 |  13.9 |      35 |       4 |  10.3
            +---------+---------+-------+---------+---------+-------
        D:1 |      38 |       0 |   0.0 |      21 |       0 |   0.0
        D:2 |      61 |      16 |  20.8 |      14 |       4 |  22.2
            +---------+---------+-------+---------+---------+-------
